Map: Echo LE (Void)

Players

Welmu

  • Race: Protoss Protoss
  • League: Master

liquidthermy (uThermal) - Winner!

  • Race: Terran Terran
  • League: Master

VOD

https://www.youtube.com/watch?v=wbQ9ukn7m34

Description

Time

  • Played on: Nov. 30, 2016, 1:46 p.m.
  • Length: 11:50
Show
View Real Time Build Order
Export as new Build Order

Welmu Protoss 

Build Orders: 1 Gate Expand, Blink Stalkers 

Get SALT Encoding   

  12  0:01  Probe (Chrono Boost)  
  13  0:11  Probe (Chrono Boost)  
  14  0:17  Pylon  
  14  0:22  Probe (Chrono Boost)  
  15  0:36  Probe (Chrono Boost), Gateway  
  16  0:46  Probe (Chrono Boost)  
  16  0:47  Assimilator  
  18  0:57  Probe (Chrono Boost)  
  18  1:07  Probe (Chrono Boost)  
  19  1:19  Nexus  
  19  1:29  Cybernetics Core  
  19  1:32  Probe (Chrono Boost)  
  20  1:39  Assimilator  
  20  1:42  Probe (Chrono Boost)  
  21  1:52  Pylon  
  21  1:53  Probe (Chrono Boost)  
  22  2:03  Probe (Chrono Boost)  
  22  2:06  Warp Gate  
  23  2:10  Stalker  
  23  2:14  Probe (Chrono Boost)  
  26  2:24  Probe (Chrono Boost)  
  26  2:27  Robotics Facility  
  27  2:31  Probe (Chrono Boost)  
  27  2:35  Probe (Chrono Boost)  
  29  2:41  Probe (Chrono Boost)  
  30  2:45  Probe (Chrono Boost)  
  30  2:50  Twilight Council  
  31  2:52  Probe (Chrono Boost)  
  31  2:56  Probe (Chrono Boost)  
  33  3:02  Probe (Chrono Boost)  
  34  3:07  Probe (Chrono Boost)  
  34  3:12  Blink  
  35  3:13  Observer, Gateway x2  
  35  3:14  Probe (Chrono Boost)  
  35  3:19  Probe (Chrono Boost)  
  38  3:26  Probe (Chrono Boost)  
  39  3:31  Probe (Chrono Boost), Assimilator  
  40  3:36  Pylon  
  40  3:38  Probe (Chrono Boost)  
  43  3:41  Probe (Chrono Boost)  
  42  3:50  Probe (Chrono Boost)  
  42  3:52  Pylon, Mothership Core (Chrono Boost)  
  45  3:58  Observer  
  45  4:02  Probe (Chrono Boost)  
  47  4:07  Pylon  
  47  4:10  Probe (Chrono Boost), Stalker x2  
  53  4:17  Stalker  
  53  4:18  Probe (Chrono Boost)  
  55  4:29  Probe (Chrono Boost)  
  56  4:32  Pylon, Probe (Chrono Boost)  
  56  4:36  Stalker  
  56  4:37  Stalker  
  60  4:39  Probe (Chrono Boost), Assimilator  
  60  4:41  Stalker  
  64  4:46  Probe (Chrono Boost), Forge  
  64  4:59  Pylon  
  64  5:00  Stalker x2  
  67  5:13  Resonating Glaives  
  66  5:17  Nexus, Pylon  
  66  5:19  Observer  
  66  5:20  Protoss Ground Weapons Level 1  
  67  5:25  Probe (Chrono Boost)  
  67  5:27  Probe (Chrono Boost)  
  70  5:35  Probe (Chrono Boost)  
  70  5:38  Stalker x2  
  70  5:39  Stalker  
  76  5:46  Probe (Chrono Boost)  
  76  5:47  Probe (Chrono Boost)  
  64  5:57  Probe (Chrono Boost)  
  62  6:00  Probe (Chrono Boost)  
  62  6:01  Stalker x2  
  62  6:02  Stalker  
  67  6:07  Probe (Chrono Boost)  
  67  6:11  Probe (Chrono Boost)  
  69  6:17  Nexus  
  69  6:18  Probe (Chrono Boost)  
  70  6:21  Probe (Chrono Boost)  
  71  6:28  Probe (Chrono Boost)  
  71  6:32  Probe (Chrono Boost)  
  73  6:39  Probe (Chrono Boost)  
  74  6:40  Sentry x3  
  74  6:42  Probe (Chrono Boost)  
  81  6:49  Pylon, Probe (Chrono Boost)  
  81  6:53  Probe (Chrono Boost)  
  83  6:58  Immortal  
  83  7:00  Probe (Chrono Boost)  
  88  7:03  Probe (Chrono Boost)  
  88  7:06  Protoss Ground Armor Level 1  
  89  7:10  Probe (Chrono Boost)  
  89  7:14  Probe (Chrono Boost)  
  91  7:21  Probe (Chrono Boost)  
  92  7:24  Probe (Chrono Boost)  
  87  7:30  Probe (Chrono Boost)  
  87  7:31  Probe (Chrono Boost)  
  87  7:34  Stalker x2  
  87  7:35  Probe (Chrono Boost), Stalker  
  92  7:41  Probe (Chrono Boost)  
  92  7:43  Probe (Chrono Boost)  
  87  7:45  Probe (Chrono Boost)  
  86  7:52  Probe (Chrono Boost)  
  86  7:54  Immortal, Probe (Chrono Boost)  
  86  7:56  Probe (Chrono Boost)  
  93  7:59  Robotics Bay  
  93  8:02  Probe (Chrono Boost)  
  95  8:06  Probe x2 (Chrono Boost)  
  95  8:08  Robotics Facility  
  95  8:11  Assimilator  
  97  8:13  Probe (Chrono Boost), Assimilator  
  97  8:14  Pylon  
  97  8:17  Pylon, Probe (Chrono Boost)  
  97  8:18  Probe (Chrono Boost)  
  99  8:24  Pylon, Probe (Chrono Boost)  
  99  8:26  Adept x3  
  104  8:28  Warp Prism  
  106  8:46  Gateway  
  106  8:47  Gateway  
  106  8:48  Gateway x2  
  106  9:00  Sentry  
  114  9:05  Stalker x2  
  118  9:17  Protoss Ground Weapons Level 2  
  110  9:24  Stalker  
  110  9:35  Robotics Facility  
  110  9:39  Pylon  
  110  9:42  Pylon  
  110  9:44  Pylon, Robotics Facility  
  110  9:56  Adept x4  
  117  10:17  Adept x6  
  117  10:18  Adept, Colossus  
  139  10:28  Probe (Chrono Boost)  
  139  10:29  Probe (Chrono Boost)  
  139  10:30  Probe (Chrono Boost)  
  139  10:34  Colossus  
  136  10:52  Stalker x6  
  148  10:58  Pylon  
  148  11:02  Nexus  
  148  11:03  Dark Shrine  
  148  11:16  Adept x7  
Show
View Real Time Build Order
Export as new Build Order

liquidthermy Terran - Winner!

Build Orders: MMM Bio 

Get SALT Encoding   

  12  0:01  SCV  
  13  0:13  SCV  
  14  0:17  Supply Depot  
  14  0:25  SCV  
  15  0:39  SCV  
  15  0:40  Barracks  
  16  0:44  Refinery  
  16  0:51  SCV  
  17  1:03  SCV  
  18  1:15  SCV  
  19  1:27  Orbital Command, Marine  
  20  1:44  Command Center  
  20  1:53  SCV  
  21  1:55  Factory  
  21  2:04  Barracks Reactor  
  21  2:05  SCV  
  22  2:10  Supply Depot  
  22  2:17  SCV  
  23  2:25  Refinery  
  23  2:32  SCV  
  24  2:40  Marine x2  
  24  2:41  Starport  
  24  2:44  SCV  
  27  2:49  Widow Mine  
  29  2:56  Orbital Command, SCV  
  29  2:58  Marine x2  
  32  3:08  SCV  
  33  3:15  Marine x2  
  33  3:18  Medivac, Widow Mine  
  39  3:20  SCV  
  39  3:22  SCV  
  41  3:28  Supply Depot  
  41  3:32  SCV  
  41  3:33  Marine x2  
  44  3:35  SCV  
  44  3:38  Supply Depot  
  45  3:44  SCV  
  46  3:49  Medivac, Widow Mine, SCV  
  46  3:51  Marine x2  
  53  3:56  Engineering Bay  
  53  3:58  SCV  
  53  4:01  SCV  
  35  4:02  Liberator  
  55  4:09  Marine x2  
  57  4:10  Supply Depot, SCV  
  57  4:14  SCV  
  59  4:18  Factory Tech Lab  
  59  4:20  Bunker  
  62  4:26  Missile Turret  
  62  4:28  Missile Turret  
  62  4:31  SCV x2  
  62  4:33  Supply Depot  
  62  4:35  Marine  
  62  4:36  Marine  
  66  4:42  Siege Tank  
  66  4:43  SCV  
  70  4:49  Supply Depot  
  70  4:54  SCV, Marine x2  
  70  4:57  SCV  
  70  4:58  Terran Infantry Weapons Level 1  
  74  5:06  SCV  
  75  5:10  Command Center  
  75  5:14  Siege Tank  
  75  5:18  Supply Depot, Marine  
  79  5:21  Marine  
  79  5:24  Refinery  
  79  5:27  SCV  
  79  5:28  Refinery  
  81  5:29  SCV  
  82  5:38  Marine  
  82  5:39  SCV  
  82  5:41  SCV  
  85  5:43  Marine  
  84  5:51  SCV  
  84  5:53  Barracks, SCV  
  84  5:55  Barracks  
  84  5:56  Factory Tech Lab, Marine  
  85  6:01  Marine  
  85  6:03  SCV  
  74  6:05  SCV  
  75  6:12  Starport Reactor  
  75  6:15  SCV, Marine  
  75  6:17  SCV  
  78  6:20  Barracks, Marine  
  78  6:21  Barracks  
  78  6:24  Orbital Command  
  79  6:28  SCV  
  79  6:29  Siege Tank  
  83  6:35  Marine  
  83  6:38  SCV  
  85  6:43  Marauder  
  85  6:44  Stimpack  
  87  6:48  Medivac  
  87  6:49  Medivac  
  87  6:52  Barracks Tech Lab  
  87  6:53  Terran Infantry Armor Level 1  
  91  6:54  Marine  
  91  6:55  SCV  
  91  6:56  Supply Depot, SCV  
  91  6:57  Orbital Command, Marine  
  95  7:06  Siege Tank  
  98  7:09  Barracks Reactor, Barracks Tech Lab  
  98  7:10  Supply Depot, SCV  
  99  7:17  Missile Turret x2  
  99  7:21  SCV, Missile Turret  
  97  7:24  SCV  
  97  7:25  Marauder, Marine  
  97  7:26  Marine  
  97  7:29  Medivac  
  96  7:38  Siege Tank, SCV  
  96  7:39  Orbital Command  
  100  7:50  Marauder, Marine  
  97  7:53  Marine x2  
  97  7:59  Armory  
  97  8:00  SCV  
  97  8:01  SCV  
  98  8:05  Marine x2  
  100  8:15  Engineering Bay, Marine x2  
  100  8:16  Marauder, SCV  
  100  8:19  Liberator  
  105  8:20  Liberator  
  105  8:21  Marine x2  
  105  8:22  Missile Turret  
  105  8:23  Factory Reactor  
  106  8:30  Refinery  
  106  8:31  Refinery, Marine  
  106  8:32  Marauder  
  106  8:33  Marine  
  110  8:37  Marauder  
  110  8:40  Supply Depot  
  118  8:42  Supply Depot  
  118  8:46  Starport  
  118  8:49  Fusion Core, Marine  
  118  8:50  Marine  
  118  8:52  Supply Depot  
  120  8:57  Terran Infantry Weapons Level 2  
  120  9:01  Combat Shields, Supply Depot, Concussive Shells  
  120  9:04  Marine  
  120  9:05  Marauder, Marine  
  120  9:08  Marine  
  125  9:12  Liberator x2  
  125  9:13  Marine  
  125  9:14  Marauder  
  125  9:21  Marine  
  123  9:25  Marine  
  123  9:26  Marauder  
  123  9:28  Marine  
  132  9:34  Marine x2  
  132  9:35  Marauder  
  136  9:38  Advanced Ballistics  
  136  9:39  Marauder  
  136  9:45  Widow Mine x2  
  138  9:47  Marauder  
  138  9:52  Marine x2  
  146  9:53  Liberator  
  146  9:56  Marauder  
  146  9:58  Marine  
  146  9:59  Supply Depot, Marine  
  150  10:00  Marauder, Supply Depot  
  150  10:08  Marine  
  150  10:09  Marine  
  150  10:13  Medivac  
  157  10:14  Supply Depot  
  157  10:15  Supply Depot  
  157  10:21  Medivac, Marauder  
  161  10:25  Liberator  
  161  10:26  Supply Depot  
  161  10:27  Marauder, Marine  
  161  10:28  Command Center, Marine  
  165  10:29  Marine  
  165  10:32  Widow Mine  
  165  10:33  Widow Mine  
  170  10:39  Marine  
  170  10:40  Marauder  
  170  10:48  Liberator, Marauder, Marine  
  170  10:49  Marine  
  176  10:55  Marauder, Marine  
  180  11:01  Widow Mine x2  
  184  11:04  Supply Depot  
  186  11:18  Marine  
  172  11:19  Marine  
  163  11:28  Marine  
Tags
 
Add a new tag
Caveats
  • Supply blocks, unpowered buildings, or Contaminate may cause inaccurate times.
  • Supply counts are checked every 10 seconds.